 Dungeon Crawl Stone Soup version 0.30-a0-596-g0af90f9a20 (webtiles) character file.

Game seed: 17428060157363142621

26 mangosap the Trooper (level 3, 0/29 HPs)
             Began as a Human Cinder Acolyte on Dec 30, 2022.
             Was a High Priest of Ignis.
             Slain by a worm (4 damage)
             ... on level 1 of the Dungeon on Jan 6, 2023.
             The game lasted 00:23:24 (1238 turns).

mangosap the Trooper (Human Cinder Acolyte)         Turns: 1238, Time: 00:23:25

Health: 0/29       AC:  2    Str: 16    XL:     3   Next: 22%
Magic:  4/4        EV: 11    Int: 14    God:    Ignis [*****.]
Gold:   44         SH:  0    Dex:  8    Spells: 4/4 levels left

rFire   + . .      SeeInvis .    a - -1 short sword (flame)
rCold   . . .      Faith    .    (no shield)
rNeg    + . .      Spirit   .    b - +0 robe
rPois   .          Reflect  .    (no helmet)
rElec   .          Harm     .    (no cloak)
rCorr   .          Rampage  .    (no gloves)
Will    .....                    (no boots)
Stlth   +                        (no amulet)
HPRegen 0.24/turn                j - ring of positive energy
MPRegen 0.09/turn                (no ring)

@: no status effects
A: no striking features
a: Renounce Religion, Fiery Armour, Foxfire Swarm, Rising Flame


You were on level 1 of the Dungeon.
You worshipped Ignis.
Ignis was extremely pleased with you.
You visited 1 branch of the dungeon, and saw 2 of its levels.

You collected 44 gold pieces.

Inventory:

Hand Weapons
 a - a -1 short sword of flaming (weapon)
 c - a +0 hand axe
 e - a +0 club
 h - a +0 short sword
 k - a +0 short sword
Missiles
 f - 3 poisoned darts (quivered)
 i - 4 stones
Armour
 b - a +0 robe (worn)
 d - a +0 chain mail
 l - a +0 chain mail
Jewellery
 j - a ring of positive energy (left hand)
Scrolls
 g - a scroll of enchant weapon {unknown}


   Skills:
 + Level 3.5 Fighting
 + Level 3.4 Short Blades
 + Level 0.1 Throwing
 + Level 0.2 Dodging
 + Level 0.1 Stealth
 + Level 1.0 Spellcasting
 + Level 3.1 Fire Magic


You had 4 spell levels left.
You didn't know any spells.
Your spell library contained the following spells:

 Spells                   Type           Power      Damage    Failure   Level
 Scorch                   Fire           18%        2d5       11%         2


Dungeon Overview and Level Annotations

Branches:
Dungeon (2/15)

Altars:


Message History

The ball python is heavily wounded.
The ball python bites you. The ball python barely misses you.
You hit the ball python. You burn the ball python.
You kill the ball python!
The bat closely misses you.
You barely miss the bat.
The bat is moderately wounded.
The bat closely misses you.
You hit the worm but do no damage. You barely miss the worm.
The worm closely misses you.
You completely miss the worm. You hit the worm but do no damage.
The worm bites you!
You hit the worm. You burn the worm.
The worm is lightly wounded.
The worm bites you.
Keep disrobing? [Y]es or [N]o only, please.
Keep disrobing?
Uppercase [Y]es or [N]o only, please.
Keep disrobing?
You stop removing your armour.
* * * LOW HITPOINT WARNING * * *
Okay, then.
You hit the worm. You burn the worm.
The worm is moderately wounded.
You hit the worm. You burn the worm.
The worm is heavily wounded.
The worm bites you.
* * * LOW HITPOINT WARNING * * *
You hit the worm. You burn the worm.
The worm is severely wounded.
You hit the worm. You burn the worm.
The worm is almost dead.
The worm completely misses you.
You hit the worm. You burn the worm.
The worm is almost dead.
You hit the worm but do no damage.
The worm is almost dead.
The worm bites you.
You die...

.###..#.#..# #...## #.# #.#
.#.##...#..##...######### #.# #.#
....##..##.#...##.......###.###.#
...####.......# #######.........#
.### #..##..### #..##.##### .#
#.##..##.### #.....##### .#
###....##....# #.......... .#
##.##########.# #.....#####
.###...#.#### #@# #..#..#
............####w# #..#..#
####...>.....w..b# #..#..#
##.##.##.####.######.....#
####.##.####............#
#.##..............####
#.........######### ###########


You could see a worm and a bat.

Vanquished Creatures
  A worm (D:1)
  2 dart slugs (D:1)
  3 endoplasms (D:1)
  A giant cockroach (D:1)
  A goblin (D:1)
  2 hobgoblins (D:1)
  5 ball pythons (D:1)
  A bat (D:1)
  2 kobolds (D:1)
18 creatures vanquished.

Notes
Turn   | Place    | Note
-------+----------+-------------------------------------------
     0 | D:1      | mangosap the Human Cinder Acolyte began the quest for the
                  | Orb.
     0 | D:1      | Reached XP level 1. HP: 18/18 MP: 2/2
   192 | D:1      | Reached XP level 2. HP: 18/24 MP: 3/3
   641 | D:1      | Reached XP level 3. HP: 24/29 MP: 4/4
  1071 | D:1      | Upgraded the game from 0.30-a0-576-g89cddaab80 to
                  | 0.30-a0-596-g0af90f9a20
  1238 | D:1      | Slain by a worm

Illustrated notes

Levels and vault maps discovered:
D:1:      dpeg_chamrin_arrival_tetris, layout_loops_ring
D:2:      layout_basic, basic_altar

Action                   || total
-------------------------++-------
Melee: Short sword       ||   130
Throw: Stone             ||     9
       Dart              ||     4
Armor: Robe              ||    24
Dodge: Dodged            ||    85

Table legend: (Time is in decaauts)
 A = Elapsed time spent in this place.
 B = Non-inter-level travel time spent in this place.
 C = Inter-level travel time spent in this place.
 D = Time resting spent in this place.
 E = Time spent auto-exploring this place.
 F = Levels seen in this place.
 G = Mean time per level.
                   A        B        C        D        E       F      G
               +--------+--------+--------+--------+--------+-----+--------+
         Total |   1219 |   1151 |     68 |     30 |      0 |   2 |  609.5 |
       Dungeon |   1219 |   1151 |     68 |     30 |      0 |   2 |  609.5 |
               +--------+--------+--------+--------+--------+-----+--------+

Top non-repeatable levels by time:
     D:1: 1213 daAuts
     D:2: 5 daAuts
